 Dungeon Crawl Stone Soup version 0.31-a0-851-g7ff8af7976 (webtiles) character file.

Game seed: 16688571776974931430

901 javelincjr the Sneak (level 8, -4/46 HPs)
             Began as an Octopode Hedge Wizard on Oct 5, 2023.
             Was a High Priest of Ignis.
             Slain by Blork the orc
             ... wielding a +2 heavy glaive
              (14 damage)
             ... on level 5 of the Dungeon.
             The game lasted 00:19:50 (4880 turns).

javelincjr the Sneak (Octopode Hedge Wizard)        Turns: 4880, Time: 00:19:50

Health: -4/46      AC:  8    Str:  9    XL:     8   Next: 7%
Magic:  13/15      EV: 14    Int: 19    God:    Ignis [*****.]
Gold:   178        SH:  0    Dex: 11    Spells: 12/17 levels left

rFire   . . .        k - +0 dagger (protect)
rCold   . . .        (no shield)
rNeg    . . .        b - +0 hat
rPois   +            t - amulet of regeneration
rElec   .            C - ring of poison resistance
rCorr   .            (no ring)
SInv    .            (no ring)
Will    .....        (no ring)
Stlth   ++++         (no ring)
HPRegen 1.07/turn    (no ring)
MPRegen 0.14/turn    (no ring)
                     (no ring)

%: no passive effects
@: under a protective aura
A: almost no armour, amphibious, 8 rings, camouflage 1, gelatinous body 1,
(nimble swimmer 1), tentacles, heat vulnerability 1
a: Renounce Religion, Fiery Armour, Foxfire Swarm, Rising Flame


You were on level 5 of the Dungeon.
You worshipped Ignis.
Ignis was extremely pleased with you.
You visited 2 branches of the dungeon, and saw 6 of its levels.

You collected 178 gold pieces.

Inventory:

Hand Weapons
 a - a +0 dagger
 k - a +0 dagger of protection (weapon)
 y - a +0 dagger of distortion
Missiles
 f - 6 javelins
 i - 3 curare-tipped darts
 u - 16 poisoned darts
 B - a throwing net
Armour
 b - a +0 hat (worn)
 w - a +0 kite shield
Jewellery
 t - an amulet of regeneration (around mantle)
 C - a ring of poison resistance (left tentacle)
Wands
 g - a wand of flame (11)
 v - a wand of quicksilver (8)
 x - a wand of paralysis (1)
 z - a wand of iceblast (6)
Scrolls
 e - a scroll of poison {unknown}
 h - 2 scrolls of vulnerability {unknown}
 l - a scroll of enchant weapon {unknown}
 m - 3 scrolls of enchant armour {unknown}
 n - 7 scrolls of identify {unknown}
 o - a scroll of noise {unknown}
 p - a scroll of amnesia {unknown}
 q - a scroll of blinking {unknown}
 r - a scroll of immolation {unknown}
 s - 4 scrolls of teleportation {unknown}
Potions
 c - a potion of magic
 d - 2 potions of lignification
 j - a potion of mutation
 A - a potion of curing


   Skills:
 + Level 3.7 Dodging
 + Level 5.3 Stealth
 + Level 2.3 Shields
 * Level 5.1 Spellcasting
 + Level 3.2 Conjurations
 + Level 3.0 Summonings
 + Level 3.1 Translocations


You had 12 spell levels left.
You knew the following spells:

 Your Spells              Type           Power      Damage    Failure   Level
a - Magic Dart            Conj           68%        1d6       3%          1
b - Call Imp              Summ           32%        N/A       5%          2
c - Blink                 Tloc           32%        N/A       5%          2

Your spell library contained the following spells:

 Spells                   Type           Power      Damage    Failure   Level
 Summon Small Mammal      Summ           64%        N/A       3%          1
 Call Canine Familiar     Summ           16%        N/A       11%         3
 Slow                     Hex            16%        N/A       12%         1
 Cigotuvi's Dreadful Rot  Necr/Pois/Air  8%         N/A       19%         2
 Ensorcelled Hibernation  Hex/Ice        8%         N/A       19%         2
 Jinxbite                 Hex            8%         N/A       19%         2
 Dazzling Flash           Conj/Hex       22%        N/A       19%         3
 Summon Guardian Golem    Hex/Summ       10%        N/A       21%         3
 Mephitic Cloud           Conj/Pois/Air  8%         N/A       24%         3
 Inner Flame              Hex/Fire       4%         N/A       36%         3
 Anguish                  Hex/Necr       2%         N/A       77%         4
 Agony                    Necr           4%         N/A       98%         5
 Silence                  Hex/Air        2%         N/A       98%         5
 Yara's Violent Unravell  Hex/Tmut       2%         3d3       98%         5
 Enfeeble                 Hex            2%         N/A       100%        7


Dungeon Overview and Level Annotations

Branches:
Dungeon (5/15)             Temple (1/1) D:4

Altars:
Ashenzari
Cheibriados
Dithmenos
Elyvilon
Hepliaklqana
Kikubaaqudgha
Makhleb
Nemelex Xobeh
Okawaru
Qazlal
Ru
Vehumet
Xom
Yredelemnul
Zin
The Shining One
Ignis

Annotations:
D:5 Blork the orc


Innate Abilities, Weirdness & Mutations

You cannot wear most types of armour.
You are amphibious.
You can wear up to eight rings at the same time.
Your skin changes colour to match your surroundings (Stealth+).
Your rubbery body absorbs attacks. (AC +1, EV +1)
((You are camouflaged when in or above water. (Stealth+)))
You have tentacles for arms and can constrict up to eight enemies at once.
You are vulnerable to heat. (rF-)


Message History

You hit the orc priest but do no damage.
The orc priest is severely wounded.
You constrict the orc priest, but do no damage. x2
Your cerulean imp hits the orc priest from afar with a -3 spear.
The orc priest dies!
Blork the orc hits you from afar with a +2 heavy glaive.
The orc priest barely misses you.
You completely miss the orc priest. You squeeze the orc priest.
The orc priest is severely wounded.
You constrict the orc priest.
The orc priest calls down the wrath of Beogh upon you.
You struggle to resist.
Blork the orc barely misses you.
You hit the orc priest.
You kill the orc priest!
Your cerulean imp hits Blork the orc from afar with a -3 spear.
Your cerulean imp closely misses Blork the orc.
Blork the orc barely misses you.
Your cerulean imp hits Blork the orc with a -3 spear.
You closely miss Blork the orc. You grab Blork the orc.
Blork the orc is lightly wounded.
You constrict Blork the orc.
Your cerulean imp hits Blork the orc but does no damage.
Blork the orc hits your cerulean imp with a +2 heavy glaive!!
Your cerulean imp dies!
Your cerulean imp disappears in a puff of smoke!
Blork the orc shouts!
You hit Blork the orc but do no damage. You squeeze Blork the orc.
Blork the orc is moderately wounded.
You constrict Blork the orc.
Casting: Call Imp (safe; 5% risk of failure)
Confirm with . or Enter, or press ? or * to list all spells.
A tiny devil pulls itself out of the air.
You constrict Blork the orc.
Blork the orc hits you with a +2 heavy glaive!!
* * * LOW HITPOINT WARNING * * *
You hit Blork the orc. You squeeze Blork the orc.
Blork the orc is heavily wounded.
You constrict Blork the orc.
Blork the orc hits you with a +2 heavy glaive!
You die...

# ######### #
#.......# ######### #
#......<# #.......# #
#.......# #.......####
#)......###...........
#........##.......####
#..........#########..
#...)@5.##..##### #..
####o######.....# #.<
#.## #####..# ##. #..#
..... ##.# #... .#
...#. .# ..###. .# .#
.. o# #. .#


You could see Blork the orc (ally target) and a friendly cerulean imp
(summoned).

Vanquished Creatures
  Grinder (D:4)
  Sigmund (D:4)
  A scorpion (D:4)
  An orc priest (D:5)
  An iguana (D:5)
  Jessica (D:3)
  Ijyb (D:3)
  6 adders
  3 worms (D:4)
  5 dart slugs
  5 orcs (D:4)
  4 bats
  6 endoplasms
  7 giant cockroaches
  6 hobgoblins
  4 quokkas
  5 ball pythons
  6 frilled lizards
  5 goblins
  2 kobolds (D:1)
  10 rats
81 creatures vanquished.

Vanquished Creatures (collateral kills)
  Menkaure (D:4)
  2 orc priests (D:5)
  3 adders
  A dart slug (D:1)
  2 orcs
  A ball python (D:2)
  4 goblins
  A hobgoblin (D:1)
  4 quokkas
  3 bats
  A frilled lizard (D:3)
  2 rats
25 creatures vanquished.

Vanquished Creatures (others)
  20 foxfires (D:3)
20 creatures vanquished.

Grand Total: 126 creatures vanquished

Notes
Turn   | Place    | Note
-------+----------+-------------------------------------------
     0 | D:1      | javelincjr the Octopode Hedge Wizard began the quest for
                  | the Orb.
     0 | D:1      | Reached XP level 1. HP: 11/11 MP: 4/4
   315 | D:1      | Reached XP level 2. HP: 14/17 MP: 0/6
   888 | D:1      | Learned a level 2 spell: Call Imp
   891 | D:1      | Learned a level 2 spell: Blink
   980 | D:1      | Reached XP level 3. HP: 21/21 MP: 2/7
  1831 | D:2      | Reached XP level 4. HP: 27/27 MP: 5/9
  2903 | D:3      | Noticed Ijyb
  2947 | D:3      | Found a faded altar of an unknown god.
  2950 | D:3      | Found a snail-covered altar of Cheibriados.
  2959 | D:3      | Prayed at the altar of an unknown god.
  2959 | D:3      | Became a worshipper of Ignis, the Dying Flame
  2988 | D:3      | Killed Ijyb
  2989 | D:3      | Reached XP level 5. HP: 25/31 MP: 7/10
  3070 | D:3      | Found a faded altar of an unknown god.
  3086 | D:3      | Prayed at the altar of an unknown god.
  3103 | D:3      | Noticed Jessica
  3110 | D:3      | Killed Jessica
  3631 | D:4      | Reached XP level 6. HP: 35/36 MP: 1/12
  3720 | D:4      | Noticed Sigmund
  3870 | D:4      | Noticed Grinder
  3907 | D:4      | Paralysed by Grinder for 4 turns
  3921 | D:4      | Paralysed by Grinder for 3 turns
  3927 | D:4      | Gained mutation: You are vulnerable to heat. (rF-) [potion
                  | of mutation]
  3955 | D:4      | Paralysed by Grinder for 3 turns
  3960 | D:4      | Killed Grinder
  3961 | D:4      | Reached skill level 1 in Shields
  3961 | D:4      | Reached XP level 7. HP: 41/41 MP: 5/13
  4107 | D:4      | Noticed Menkaure
  4113 | D:4      | Killed Menkaure
  4224 | D:4      | Found a shimmering altar of Xom.
  4225 | D:4      | Found a hazy altar of Hepliaklqana.
  4225 | D:4      | Noticed a tentacled monstrosity
  4226 | D:4      | Noticed a spectral ugly thing
  4226 | D:4      | Noticed a tentacled monstrosity
  4408 | D:4      | Killed Sigmund
  4409 | D:4      | Reached skill level 5 in Stealth
  4482 | D:4      | Found a staircase to the Ecumenical Temple.
  4491 | Temple   | Entered the Ecumenical Temple
  4807 | D:5      | Entered Level 5 of the Dungeon
  4825 | D:5      | Reached skill level 5 in Spellcasting
  4866 | D:5      | Noticed Blork the orc
  4867 | D:5      | Reached XP level 8. HP: 46/46 MP: 15/15
  4880 | D:5      | Slain by Blork the orc

Illustrated notes

Levels and vault maps discovered:
D:1:      lemuel_arrival_behind_the_door_small, layout_loops_corners,
          st_stairs_10
D:2:      kb_forest_paths, layout_loops_ring, serial_bayou_pond_c
D:3:      layout_basic, nicolae_overflow_ecumenical_swirl,
          ebering_ecumenical_altar_mist, uniq_jessica, uniq_ijyb
D:4:      layout_basic, regret_index_temple_of_mockery,
          minmay_temple_entry_antechambers, uniq_sigmund, uniq_menkaure,
          uniq_grinder
D:5:      layout_rooms, mainiacjoe_overflow_alcove_1, uniq_blork_the_orc
Temple:   compressed_dpeg_triangle_lava_temple

Skill      XL: |  1  2  3  4  5  6  7 |
---------------+----------------------+-----
Stealth        | 3 4 5 |  5.3
Conjurations   | 2 3 |  3.2
Translocations | 2 3 |  3.1
Spellcasting   | 4 5 |  5.1
Summonings     | 2 3 |  3.0
Dodging        | 3 |  3.7
Shields        | 1 2 |  2.3

Action                     |  1- 3 |  4- 6 |  7- 9 || total
---------------------------+-------+-------+-------++-------
  Melee: Dagger            |    51 |    95 |    67 ||   213
         Constrict         |    14 |    19 |    19 ||    52
         Tentacles         |    12 |    22 |    25 ||    59
         Punch             |     1 |       |     2 ||     3
   Cast: Magic Dart        |    50 |    46 |     9 ||   105
         Call Imp          |    13 |    27 |    10 ||    50
 Invoke: Foxfire Swarm     |       |     1 |       ||     1
    Use: Potion            |       |     4 |       ||     4
   Stab: Sleeping          |     2 |     3 |     2 ||     7
 Armour: Skin              |    23 |    60 |    32 ||   115
  Dodge: Dodged            |    40 |    40 |    35 ||   115

Table legend: (Time is in decaauts)
 A = Elapsed time spent in this place.
 B = Non-inter-level travel time spent in this place.
 C = Inter-level travel time spent in this place.
 D = Time resting spent in this place.
 E = Time spent auto-exploring this place.
 F = Levels seen in this place.
 G = Mean time per level.
                   A        B        C        D        E       F      G
               +--------+--------+--------+--------+--------+-----+--------+
         Total |   4880 |   4520 |    360 |    111 |   3455 |   6 |  813.3 |
       Dungeon |   4849 |   4503 |    346 |    111 |   3455 |   5 |  969.8 |
        Temple |     30 |     16 |     14 |      0 |      0 |   1 |   30.0 |
               +--------+--------+--------+--------+--------+-----+--------+

Top non-repeatable levels by time:
     D:1: 1653 daAuts
     D:2: 1191 daAuts
     D:4: 1121 daAuts
     D:3: 810 daAuts
     D:5: 72 daAuts
  Temple: 30 daAuts
